 Dungeon Crawl Stone Soup version 0.29-b1-12-g9e2288ab2a (webtiles) character file.

Game seed: 18142112568634613062

431 Zeldest the Insei (level 6, -3/50 HPs)
             Began as an Octopode Transmuter on Aug 24, 2022.
             Slain by a wight
             ... wielding a +3 spear
              (9 damage)
             ... on level 4 of the Dungeon.
             The game lasted 00:05:39 (894 turns).

Zeldest the Insei (Octopode Transmuter)              Turns: 894, Time: 00:05:39

Health: -3/50      AC:  6    Str:  9    XL:     6   Next: 99%
Magic:  6/9        EV: 10    Int: 18    God:
Gold:   189        SH:  0    Dex: 12    Spells: 2/9 levels left

rFire   x . .      SeeInvis .     - Unarmed
rCold   + + +      Faith    .   (shield currently unavailable)
rNeg    . . .      Spirit   .   (helmet currently unavailable)
rPois   +          Reflect  .   (no amulet)
rElec   .          Harm     .   k - ring of wizardry
rCorr   .          Rampage  .   (no ring)
Will    .....                   (no ring)
Stlth   +.........              (no ring)
HPRegen 0.16/turn               (no ring)
MPRegen 0.11/turn               (no ring)
                                (no ring)
                                (no ring)

@: ice-form
A: freezing attack, boosted hp, almost no armour, amphibious, 8 rings, large,
(camouflage 1), (gelatinous body 1), (nimble swimmer 1), (tentacles)
a: End Transformation


You were on level 4 of the Dungeon.
You were a creature of crystalline ice.
You visited 1 branch of the dungeon, and saw 4 of its levels.

You collected 189 gold pieces.

Inventory:

Jewellery
 k - a ring of wizardry (left front paw)
Wands
 a - a wand of mindburst (18)
 l - a wand of polymorph (5)
 m - a wand of iceblast (3)
Scrolls
 b - 2 scrolls of brand weapon {unknown}
 c - 3 scrolls of identify {unknown}
 d - a scroll of amnesia {unknown}
 h - 3 scrolls of fog {unknown}
 i - 3 scrolls of vulnerability {unknown}
Potions
 e - a potion of invisibility {unknown}
 f - a potion of degeneration {unknown}
 g - 2 potions of might {unknown}
 j - a potion of curing {unknown}


   Skills:
 + Level 3.6 Fighting
 - Level 2.0 Dodging
 + Level 4.7 Unarmed Combat
 - Level 2.0 Spellcasting
 + Level 4.1 Transmutations
 + Level 2.4 Ice Magic


You had 2 spell levels left.
You knew the following spells:

 Your Spells              Type           Power      Damage    Failure   Level
a - Beastly Appendage     Tmut           32%        N/A       1%          1
b - Wereblood             Tmut           16%        N/A       1%          2
c - Ice Form              Ice/Tmut       13%        N/A       19%         4

Your spell library contained the following spells:

 Spells                   Type           Power      Damage    Failure   Level
 Ozocubu's Armour         Ice            10%        N/A       9%          3
 Spider Form              Tmut/Pois      9%         N/A       10%         3
 Gell's Gravitas          Tloc           1%         N/A       21%         3
 Lesser Beckoning         Tloc           1%         N/A       21%         3
 Teleport Other           Tloc           1%         N/A       21%         3
 Metabolic Englaciation   Hex/Ice        3%         N/A       73%         5
 Simulacrum               Ice/Necr       3%         N/A       99%         6


Dungeon Overview and Level Annotations

Branches:
Dungeon (4/15)
 Temple: D:4-7

Altars:
Zin


Innate Abilities, Weirdness & Mutations

You are a creature of crystalline ice.
You have a powerful freezing melee attack.
Your maximum health is increased.
Your armour is entirely melded.
You are incapable of wielding weapons or throwing items.
You cannot wear most types of armour.
You are amphibious.
You can wear up to eight rings at the same time.
((Your skin changes colour to match your surroundings (Stealth+).))
((Your rubbery body absorbs attacks. (AC +1, EV +1)))
((You are camouflaged when in or above water. (Stealth+)))
((You have tentacles for arms and can constrict up to eight enemies at once.))


Message History

The orc hits you with a +0 club.
* * * LOW HITPOINT WARNING * * *
You punch the orc! You freeze the orc.
You feel a bit better.
You kill the orc!
You hit the orc. You freeze the orc.
You feel a bit better.
You kill the orc!
Items here: $ )))) [ †.
Things that are here:
a +3 spear; a +0 robe; a wand of polymorph (5)
l - a wand of polymorph (5) Search for what [? for help]? .
Items here: $ )))) [ †.
You now have 189 gold pieces (gained 28).
Things that are here:
a +2 long sword; a +0 robe
Okay, then.
A wight and an adder come into view.
You see here a wand of iceblast (3).
m - a wand of iceblast (3)
Your primal bloodlust is almost over.
The adder bites you but does no damage.
You hit the adder.
The adder seems to slow down.
You freeze the adder.
The adder is severely wounded.
You hit the adder. You freeze the adder.
You feel a bit better.
You kill the adder!
You howl as the wereblood boils in your veins!
The wight hits you with a +3 spear!
You punch the wight!
The wight is moderately damaged.
Your primal bloodlust has ended.
The wight hits you with a +3 spear.
* * * LOW HITPOINT WARNING * * *
You barely miss the wight.
The wight is moderately damaged.
The wight hits you with a +3 spear!
* * * LOW HITPOINT WARNING * * *
You barely miss the wight.
The wight is moderately damaged.
The wight hits you with a +3 spear!
You die...

#####..<.....#
##..<>.†##
#.....<#
##....))#######
#..>..))##....###.
#.................
#.................
#.......z.........
#......Y##........
#.......##........
#.................
#.......##...####.
#.......######
#.......#
#.......#
#........
#........


You could see a wight.

Vanquished Creatures
  A steam dragon (D:4)
  2 wights (D:4)
  An orc priest (D:2)
  An iguana (D:4)
  2 orc wizards
  6 adders
  8 orcs
  5 bats
  2 endoplasms (D:3)
  4 giant cockroaches
  4 goblins
  2 hobgoblins (D:3)
  3 jackals (D:1)
  4 kobolds
  2 ball pythons (D:1)
  3 frilled lizards
50 creatures vanquished.

Notes
Turn   | Place    | Note
-------+----------+-------------------------------------------
     0 | D:1      | Zeldest the Octopode Transmuter began the quest for the
                  | Orb.
     0 | D:1      | Reached XP level 1. HP: 13/13 MP: 3/3
   121 | D:1      | Reached XP level 2. HP: 12/18 MP: 5/5
   124 | D:1      | Learned a level 2 spell: Wereblood
   297 | D:2      | Reached XP level 3. HP: 18/24 MP: 3/6
   378 | D:2      | Reached XP level 4. HP: 17/29 MP: 4/7
   428 | D:3      | Found a glowing silver altar of Zin.
   510 | D:3      | Reached XP level 5. HP: 31/35 MP: 4/8
   792 | D:4      | Noticed a steam dragon
   794 | D:4      | Reached skill level 1 in Ice Magic
   796 | D:4      | Killed a steam dragon
   797 | D:4      | Reached XP level 6. HP: 42/42 MP: 9/9
   813 | D:4      | HP: 2/42 [wight/+2 long sword (10)]
   830 | D:4      | Learned a level 4 spell: Ice Form
   894 | D:4      | Slain by a wight

Illustrated notes

Levels and vault maps discovered:
D:1:      dpeg_arrival_windows_large_door, layout_basic,
          ebering_ecumenical_altar_sacrificial
D:2:      layout_loops_ring, serial_shops,
          nicolae_shop_competitors_out_of_business
D:3:      layout_rooms, zin_academy, dreamdust_wishing_well,
          minmay_statues_item, uniq_sigmund
D:4:      layout_gridville, serial_glass, glass_columns_a, glass_columns_b

Skill      XL: |  1  2  3  4  5  6 |
---------------+-------------------+-----
Fighting       | 2 3 |  3.6
Transmutations | 3 4 |  4.1
Unarmed Combat | 4 |  4.7
Ice Magic      | 1 2 |  2.4
Dodging        | |  2.0
Spellcasting   | |  2.0

Action                   |  1- 3 |  4- 6 || total
-------------------------+-------+-------++-------
Melee: Unarmed           |    30 |    79 ||   109
       Kick              |     9 |    17 ||    26
       Constrict         |     7 |    19 ||    26
       Tentacles         |     4 |     9 ||    13
       Punch             |     1 |     2 ||     3
 Cast: Beastly Appendage |     7 |     8 ||    15
       Wereblood         |     3 |     7 ||    10
       Ice Form          |       |     1 ||     1
Evoke: Wand              |       |     3 ||     3
  Use: Potion            |     1 |       ||     1
 Stab: Sleeping          |     2 |     1 ||     3
Armor: Skin              |     9 |     8 ||    17
Dodge: Dodged            |    17 |    40 ||    57
